 Dungeon Crawl Stone Soup version 0.24-a0-366-gc1c896e988 (webtiles) character file.

Game seed: 496523646993165025

79 Nautrax the Stinger (level 4, -1/30 HPs)
             Began as a Merfolk Venom Mage on May 28, 2019.
             Was an Initiate of Kikubaaqudgha.
             Killed from afar by Ijyb (17 damage)
             ... with an iceblast
             ... on level 3 of the Dungeon.
             The game lasted 00:16:48 (2345 turns).

Nautrax the Stinger (Merfolk Venom Mage)            Turns: 2345, Time: 00:16:49

Health: -1/30      AC:  3    Str:  8    XL:     4   Next: 37%
Magic:  4/7        EV: 13    Int: 15    God:    Kikubaaqudgha [......]
Gold:   75         SH:  0    Dex: 14    Spells: 6/7 levels left

rFire    . . .     SeeInvis .   e - +0 short sword
rCold    . . .     Gourm    .   (no shield)
rNeg     . . .     Faith    .   a - +1 robe
rPois    .         Spirit   .   (no helmet)
rElec    .         Reflect  .   (no cloak)
rCorr    .         Harm     .   (no gloves)
MR       .....                  (no boots)
Stlth    ++........             (no amulet)
HPRegen  0.10/turn              l - ring of wizardry
MPRegen  0.10/turn              (no ring)

@: no status effects
A: change form in water, swift swim, stealthy swim
a: Renounce Religion


You were on level 3 of the Dungeon.
You worshipped Kikubaaqudgha.
Kikubaaqudgha was noncommittal.
You were not hungry.

You visited 1 branch of the dungeon, and saw 3 of its levels.

You collected 75 gold pieces.

Inventory:

Hand Weapons
 b - a +0 dagger
 e - a +0 short sword (weapon)
Armour
 a - a +1 robe (worn)
Jewellery
 l - a ring of wizardry (left hand)
Scrolls
 d - 2 scrolls of identify
Potions
 g - a potion of agility {unknown}
 h - a potion of cancellation {unknown}
 i - a potion of ambrosia {unknown}
 j - a potion of flight {unknown}
 m - a potion of haste {unknown}
Comestibles
 c - 4 rations


   Skills:
 - Level 0.2 Short Blades
 + Level 3.5 Dodging
 + Level 3.0 Stealth
 + Level 2.4 Spellcasting
 - Level 1.0 Conjurations
 * Level 4.3 Poison Magic


You had 6 spell levels left.
You knew the following spells:

 Your Spells              Type           Power        Failure   Level  Hunger
a - Sting                 Conj/Pois      #...         2%          1    #......

Your spell library contained the following spells:

 Spells                   Type           Power        Failure   Level  Hunger
 Poisonous Vapours        Pois/Air       #.....       5%          2    ###....
 Mephitic Cloud           Conj/Pois/Air  #.......     12%         3    ###....
 Olgreb's Toxic Radiance  Pois           ##......     14%         4    #####..
 Venom Bolt               Conj/Pois      #.........   58%         5    ######.


Dungeon Overview and Level Annotations

Branches:
Dungeon (3/15)

Altars:
Cheibriados
Kikubaaqudgha

Annotations:
D:3 Ijyb


Message History

The worm is lightly wounded.
Casting: Sting (safe; 2% risk of failure)
Confirm with . or Enter, or press ? or * to list all spells.
Aiming: Sting (safe; 2% risk of failure)
Press: ? - help, Shift-Dir - straight line, f/p - worm
Aim: a worm (moderately wounded, poisoned)
The sting hits the worm.
The worm looks even sicker.
The worm is heavily wounded.
Ijyb shouts!
Ijyb zaps a wand.
The mass of ice explodes!
The iceblast engulfs you!
Casting: Sting (safe; 2% risk of failure)
Confirm with . or Enter, or press ? or * to list all spells.
Aiming: Sting (safe; 2% risk of failure)
Press: ? - help, Shift-Dir - straight line, f - Ijyb, p - worm
Aim: Ijyb, wielding a +0 club, wearing a +0 leather armour and carrying a wand of iceblast (2)
The sting hits Ijyb but does no damage.
Ijyb zaps a wand.
The mass of ice explodes!
The iceblast engulfs you!
Ouch! That really hurt!
You die...
Kikubaaqudgha rasps: "You have failed me!
Welcome... death!"

?. ..# ...#
#...#
########.....
#...........!
#...(....g...
#....@.......
#.......#....
#.......# .
#.......#
#....w..#
#.......#
#.......#
#.......#


You could see Ijyb and a worm.

Vanquished Creatures
  2 adders (D:2)
  A worm (D:2)
  3 dart slugs
  A leopard gecko (D:2)
  A giant cockroach (D:1)
  A hobgoblin (D:1)
  4 jackals
  3 quokkas (D:2)
  2 ball pythons
  7 bats
  A frilled lizard (D:2)
  8 goblins
  9 kobolds
  10 rats
53 creatures vanquished.

Notes
Turn   | Place    | Note
-------+----------+-------------------------------------------
     0 | D:1      | Nautrax the Merfolk Venom Mage began the quest for the Orb.
     0 | D:1      | Reached XP level 1. HP: 13/13 MP: 3/3
    68 | D:1      | Reached skill level 1 in Conjurations
   454 | D:1      | Reached XP level 2. HP: 16/19 MP: 0/5
   701 | D:1      | Reached XP level 3. HP: 17/24 MP: 1/6
  1465 | D:2      | Reached skill level 4 in Poison Magic
  1752 | D:2      | Reached XP level 4. HP: 30/30 MP: 1/7
  1954 | D:2      | Found a snail-covered altar of Cheibriados.
  1954 | D:2      | Found an ancient bone altar of Kikubaaqudgha.
  1962 | D:2      | Became a worshipper of Kikubaaqudgha
  2342 | D:3      | Noticed Ijyb
  2345 | D:3      | Killed from afar by Ijyb

Levels and vault maps discovered:
D:1:      psy_arrival_basics, layout_loops_ring
D:2:      layout_basic, gammafunk_temple_overflow_elements
D:3:      cheibrodos_old_hovel, layout_basic, first_ration, uniq_ijyb

Skill      XL: |  1  2  3  4 |
---------------+-------------+-----
Conjurations   | 1 |  1.0
Dodging        | 3 |  3.5
Poison Magic   | 4 |  4.3
Stealth        | 3 |  3.0
Short Blades   | |  0.2
Spellcasting   | |  2.4

Action                   |  1- 3 |  4- 6 || total
-------------------------+-------+-------++-------
Melee: Dagger            |    14 |       ||    14
       Unarmed           |     3 |       ||     3
       Short sword       |    15 |    30 ||    45
 Cast: Sting             |    58 |    20 ||    78
  Use: Scroll            |     4 |       ||     4
  Eat: Chunk             |     4 |     2 ||     6
Armor: Robe              |    10 |    10 ||    20
Dodge: Dodged            |    36 |    16 ||    52

Table legend:
 A = Non-vault XP
 B = Vault XP
 C = Vault XP percentage of total XP
 D = Non-vault monster count
 E = Vault monster count
 F = Vault count percentage of total count
                 A         B        C        D         E       F
            +---------+---------+-------+---------+---------+-------
      Total |     113 |       0 |   0.0 |      53 |       0 |   0.0
            +---------+---------+-------+---------+---------+-------
        D:1 |      46 |       0 |   0.0 |      30 |       0 |   0.0
        D:2 |      67 |       0 |   0.0 |      23 |       0 |   0.0
            +---------+---------+-------+---------+---------+-------
